 Dungeon Crawl Stone Soup version 0.27.1-1-g398f81649c (webtiles) character file.

Game seed: 2545379756844839270

4475 MisterFreud the Blocker (level 10, -9/82 HPs)
             Began as a Gnoll Fighter on Sept 10, 2021.
             Was an Elder of Qazlal.
             Mangled by a cyan ugly thing (14 damage)
             ... on level 8 of the Dungeon.
             The game lasted 00:13:56 (8143 turns).

MisterFreud the Blocker (Gnoll Fighter)             Turns: 8143, Time: 00:13:57

Health: -9/82      AC: 12    Str: 16    XL:     10   Next: 38%
Magic:  17/17      EV: 11    Int: 11    God:    Qazlal [****..]
Gold:   359        SH: 16    Dex: 11    Spells: 17/19 levels left

rFire    . . .     SeeInvis .   z - +3 rapier (vamp)
rCold    + . .     Faith    .   c - +1 kite shield
rNeg     . . .     Spirit   .   n - +0 acid dragon scales
rPois    .         Reflect  .   (no helmet)
rElec    .         Harm     .   k - +0 cloak
rCorr    +         Rampage  .   (no gloves)
Will     .....                  r - +1 pair of boots
Stlth    ++........             (no amulet)
HPRegen  0.23/turn              i - ring of protection from cold
MPRegen  0.15/turn              (no ring)

@: repel missiles
A: fangs 1, strong nose, distributed training
a: Renounce Religion, Upheaval, Elemental Force


You were on level 8 of the Dungeon.
You worshipped Qazlal.
Qazlal was greatly pleased with you.
You visited 1 branch of the dungeon, and saw 8 of its levels.
You also visited: Ossuary.

You collected 387 gold pieces.
You spent 28 gold pieces at shops.

Inventory:

Hand Weapons
 y - a +2 falchion of electrocution
 z - a +3 vampiric rapier (weapon)
Missiles
 b - a throwing net
 s - 2 poisoned darts (quivered)
 v - 6 datura-tipped darts
Armour
 c - a +1 kite shield (worn)
 k - a +0 cloak (worn)
 n - +0 acid dragon scales (worn)
 r - a +1 pair of boots (worn)
Jewellery
 i - a ring of protection from cold (left hand)
Wands
 m - a wand of iceblast (23)
 u - a wand of acid (8)
 I - a wand of mindburst (10)
Scrolls
 e - 3 scrolls of immolation
 j - a scroll of holy word
 l - 5 scrolls of teleportation
 p - a scroll of blinking
 q - 5 scrolls of fog
 x - a scroll of enchant weapon
 A - a scroll of enchant armour
 B - a scroll of summoning
 C - 4 scrolls of fear {unknown}
 E - a scroll of magic mapping {unknown}
 H - 3 scrolls of identify
Potions
 a - 3 potions of cancellation
 d - 2 potions of might
 f - a potion of lignification {unknown}
 g - 2 potions of attraction {unknown}
 h - 6 potions of heal wounds
 o - a potion of magic {unknown}
 t - 5 potions of curing
 w - 2 potions of brilliance {unknown}
 D - a potion of invisibility
 F - a potion of mutation {unknown}
 G - a potion of haste {unknown}


   Skills:
 + Level 8.5 Fighting
 + Level 7.0 Short Blades
 + Level 5.2 Long Blades
 + Level 5.2 Axes
 + Level 5.2 Maces & Flails
 + Level 5.2 Polearms
 + Level 5.2 Staves
 + Level 5.2 Slings
 + Level 5.2 Bows
 + Level 5.2 Crossbows
 + Level 5.2 Throwing
 + Level 8.5 Armour
 + Level 5.2 Dodging
 + Level 5.2 Stealth
 + Level 8.5 Shields
 + Level 5.2 Unarmed Combat
 + Level 5.2 Spellcasting
 + Level 4.3 Conjurations
 + Level 4.3 Hexes
 + Level 4.3 Summonings
 + Level 4.3 Necromancy
 + Level 4.3 Translocations
 + Level 4.3 Transmutations
 + Level 4.3 Fire Magic
 + Level 4.3 Ice Magic
 + Level 4.3 Air Magic
 + Level 4.3 Earth Magic
 + Level 4.3 Poison Magic
 + Level 5.7 Invocations
 + Level 5.2 Evocations


You had 17 spell levels left.
You knew the following spells:

 Your Spells              Type           Power      Damage    Failure   Level
a - Blink                 Tloc           N/A        N/A       16%         2

Your spell library contained the following spells:

 Spells                   Type           Power      Damage    Failure   Level
 Animate Skeleton         Necr           24%        N/A       11%         1
 Pain                     Necr           48%        1d6       11%         1
 Ensorcelled Hibernation  Hex/Ice        24%        N/A       16%         2
 Conjure Flame            Conj/Fire      12%        6-21      32%         3
 Ignite Poison            Fire/Tmut/Pois 12%        N/A       32%         3
 Spider Form              Tmut/Pois      6%         N/A       32%         3
 Vampiric Draining        Necr           6%         2d6       32%         3
 Sticky Flame             Conj/Fire      12%        2d4       71%         4
 Manifold Assault         Tloc           12%        N/A       96%         5
 Shadow Creatures         Summ           N/A        N/A       100%        6
 Storm Form               Tmut/Air       6%         N/A       100%        7


Dungeon Overview and Level Annotations

Branches:
Dungeon (8/15)             Temple (0/1) D:4         Ossuary (visited)
   Lair: D:8-11

Altars:
Fedhas
Gozag
Qazlal
Xom
Yredelemnul
The Shining One

Shops:
D:4 *


Innate Abilities, Weirdness & Mutations

You have very sharp teeth.
Your uncanny sense of smell can sniff out nearby items.
Your experience applies equally to all skills.


Message History

You block the cyan ugly thing's attack.
You hit the cyan ugly thing.
You bite the cyan ugly thing, but do no damage.
The cyan ugly thing is severely wounded.
The cyan ugly thing barely misses you.
You barely miss the cyan ugly thing. You bite the cyan ugly thing.
The cyan ugly thing is severely wounded.
The cyan ugly thing punches you but does no damage.
You hit the cyan ugly thing.
The cyan ugly thing is severely wounded.
The cyan ugly thing punches you but does no damage.
You barely miss the cyan ugly thing.
The cyan ugly thing is severely wounded.
You block the cyan ugly thing's attack.
You closely miss the cyan ugly thing.
The cyan ugly thing is severely wounded.
The cyan ugly thing punches you but does no damage.
You closely miss the cyan ugly thing.
The cyan ugly thing is severely wounded.
The cyan ugly thing punches you! The cyan ugly thing shocks you!
You closely miss the cyan ugly thing.
You bite the cyan ugly thing, but do no damage.
The cyan ugly thing is severely wounded.
The cyan ugly thing punches you.
* * * LOW HITPOINT WARNING * * *
The cyan ugly thing shocks you!
* * * LOW HITPOINT WARNING * * *
Unknown command.
Unknown command.
Aiming: Corrosive Bolt
Press: ? - help, Shift-Dir - straight line, f - cyan ugly thing
Aim: a cyan ugly thing (severely wounded, 74% to hit)
The bolt of acid hits the cyan ugly thing!
The cyan ugly thing is splashed with acid.
The acid corrodes the cyan ugly thing!
The cyan ugly thing is almost dead.
The cyan ugly thing punches you.
* * * LOW HITPOINT WARNING * * *
The cyan ugly thing shocks you!
You die...

#...<...
......#
#.....#
#.....#
#.....#
#.....#.#
∆ #☼....#
#u##### ∆
#@# #####
#.#######
#....
#.......#
#.###
#######.#
#.# #.#
#.# #.#
#.# #.#
#.# #.#
#.#
#.######.#


You could see a cyan ugly thing (corroded).

Vanquished Creatures
  Harold (D:8)
  Pikel (D:5)
  Eustachio (D:5)
  An acid dragon (D:5)
  2 water moccasins (D:6)
  Duvessa (D:5)
  An orc warrior (D:7)
  A sky beast (D:5)
  2 ogres (D:5)
  5 black bears
  2 necrophages
  A lemure (D:5)
  2 phantoms
  A bullfrog (D:6)
  6 scorpions
  Dowan (D:6)
  4 killer bees (D:5)
  4 wights (D:8)
  A bullfrog zombie (D:6)
  Crazy Yiuf (D:5)
  3 human zombies (Ossuary)
  3 jellies
  2 hounds (D:6)
  A gnoll shaman (D:7)
  An orc priest (D:5)
  3 bullfrog skeletons
  2 iguanas
  2 orc wizards (D:7)
  2 mummies (Ossuary)
  7 gnolls
  12 adders
  2 white imps
  An adder skeleton (D:4)
  2 worms (D:3)
  17 orcs
  3 ball pythons (D:1)
  3 bats
  5 endoplasms
  2 giant cockroaches
  2 gnoll zombies (Ossuary)
  11 hobgoblins
  A jackal (D:5)
  2 kobolds
  10 quokkas
  5 frilled lizards
  9 goblins
  A goblin zombie (Ossuary)
  A kobold zombie (Ossuary)
  An orc zombie (Ossuary)
  5 rats
  A spectral goblin (D:1)
161 creatures vanquished.

Notes
Turn   | Place    | Note
-------+----------+-------------------------------------------
     0 | D:1      | MisterFreud the Gnoll Fighter began the quest for the Orb.
     0 | D:1      | Reached XP level 1. HP: 23/23 MP: 1/1
     3 | D:1      | Noticed an electric eel
     4 | D:1      | Noticed an electric eel
   230 | D:1      | Reached XP level 2. HP: 29/29 MP: 2/2
   478 | D:1      | Reached XP level 3. HP: 35/35 MP: 3/3
   755 | D:1      | Found a faded altar of an unknown god.
   765 | D:1      | Became a worshipper of Qazlal Stormbringer
   765 | D:1      | Reached * piety under Qazlal
   989 | D:2      | Found a blossoming altar of Fedhas.
  1118 | D:2      | Reached skill level 1 in Invocations
  1578 | D:3      | Reached skill level 1 in Long Blades
  1578 | D:3      | Reached skill level 1 in Axes
  1578 | D:3      | Reached skill level 1 in Maces & Flails
  1578 | D:3      | Reached skill level 1 in Polearms
  1578 | D:3      | Reached skill level 1 in Staves
  1578 | D:3      | Reached skill level 1 in Slings
  1578 | D:3      | Reached skill level 1 in Bows
  1578 | D:3      | Reached skill level 1 in Crossbows
  1578 | D:3      | Reached skill level 1 in Throwing
  1578 | D:3      | Reached skill level 1 in Dodging
  1578 | D:3      | Reached skill level 1 in Stealth
  1578 | D:3      | Reached skill level 1 in Unarmed Combat
  1578 | D:3      | Reached skill level 1 in Spellcasting
  1578 | D:3      | Reached skill level 1 in Evocations
  1838 | D:3      | Reached XP level 4. HP: 41/41 MP: 5/5
  2021 | D:3      | Reached ** piety under Qazlal
  2231 | D:4      | Found a basalt altar of Yredelemnul.
  2252 | D:4      | Found a staircase to the Ecumenical Temple.
  2290 | D:4      | Noticed a scorpion
  2298 | D:4      | Killed a scorpion
  2299 | D:4      | Reached skill level 1 in Conjurations
  2299 | D:4      | Reached skill level 1 in Hexes
  2299 | D:4      | Reached skill level 1 in Summonings
  2299 | D:4      | Reached skill level 1 in Necromancy
  2299 | D:4      | Reached skill level 1 in Translocations
  2299 | D:4      | Reached skill level 1 in Transmutations
  2299 | D:4      | Reached skill level 1 in Fire Magic
  2299 | D:4      | Reached skill level 1 in Ice Magic
  2299 | D:4      | Reached skill level 1 in Air Magic
  2299 | D:4      | Reached skill level 1 in Earth Magic
  2299 | D:4      | Reached skill level 1 in Poison Magic
  2299 | D:4      | Reached XP level 5. HP: 27/47 MP: 5/7
  2596 | D:4      | Learned a level 2 spell: Blink
  2741 | D:4      | Found Heinn's General Store.
  2751 | D:4      | Bought a scroll of identify for 28 gold pieces
  3248 | D:5      | Entered Level 5 of the Dungeon
  3288 | D:5      | Reached XP level 6. HP: 47/53 MP: 8/8
  3373 | D:5      | Reached skill level 5 in Short Blades
  3690 | D:5      | Found a glowing golden altar of the Shining One.
  3784 | D:5      | Noticed a black bear
  3789 | D:5      | Killed a black bear
  3790 | D:5      | Reached XP level 7. HP: 60/60 MP: 10/10
  3822 | D:5      | Noticed Pikel
  3839 | D:5      | Killed Pikel
  3840 | D:5      | Reached XP level 8. HP: 58/67 MP: 10/12
  4263 | D:5      | Noticed Eustachio
  4291 | D:5      | Killed Eustachio
  4292 | D:5      | Reached XP level 9. HP: 37/72 MP: 14/14
  4497 | D:5      | HP: 2/72 [acid (14)]
  5534 | D:5      | Found a runed translucent door.
  5535 | D:5      | Noticed Crazy Yiuf
  5544 | D:5      | Killed Crazy Yiuf
  5608 | D:5      | Reached *** piety under Qazlal
  5808 | D:6      | Noticed Duvessa
  5817 | D:6      | Noticed Dowan
  5827 | D:6      | Killed Dowan
  6116 | D:5      | Killed Duvessa
  6315 | D:6      | Found an opulent altar of Gozag.
  6319 | D:6      | Found a shimmering altar of Xom.
  6418 | D:6      | Reached skill level 5 in Invocations
  7004 | D:7      | Found a sand-covered staircase.
  7015 | Ossuary  | Entered an ossuary
  7222 | Ossuary  | Reached XP level 10. HP: 75/80 MP: 17/17
  7559 | D:7      | Reached **** piety under Qazlal
  7798 | D:7      | Reached skill level 5 in Long Blades
  7798 | D:7      | Reached skill level 5 in Axes
  7798 | D:7      | Reached skill level 5 in Maces & Flails
  7798 | D:7      | Reached skill level 5 in Polearms
  7798 | D:7      | Reached skill level 5 in Staves
  7798 | D:7      | Reached skill level 5 in Slings
  7798 | D:7      | Reached skill level 5 in Bows
  7798 | D:7      | Reached skill level 5 in Crossbows
  7798 | D:7      | Reached skill level 5 in Throwing
  7798 | D:7      | Reached skill level 5 in Dodging
  7798 | D:7      | Reached skill level 5 in Stealth
  7798 | D:7      | Reached skill level 5 in Unarmed Combat
  7798 | D:7      | Reached skill level 5 in Spellcasting
  7798 | D:7      | Reached skill level 5 in Evocations
  8059 | D:8      | Noticed Harold
  8069 | D:8      | Killed Harold
  8104 | D:8      | Noticed a cyan ugly thing
  8143 | D:8      | Mangled by a cyan ugly thing

Illustrated notes

Levels and vault maps discovered:
D:1:      arrival_aquarium_b, layout_rooms,
          dreamdust_ecumenical_altar_drowned_temple, serial_aquarium,
          aquarium_bridge_long_separate [aquarium_subvault_bridge,
          aquarium_subvault_bridge, aquarium_subvault_wall,
          aquarium_subvault_bridge, aquarium_subvault_wall,
          aquarium_subvault_balcony], aquarium_window_1, aquarium_window_fake,
          aquarium_window_corridor_3, aquarium_window_1, aquarium_view_2d,
          aquarium_view_2e, aquarium_balcony_3b, bh_walls_and_bars
D:2:      layout_basic, basic_altar
D:3:      layout_loops_cross
D:4:      layout_loops_corners, mainiacjoe_overflow_24_doors,
          minmay_temple_entry_steel_oval, serial_shops, kennysheep_little_box
D:5:      minmay_razor_zed, layout_loops_ring, nicolae_overflow_crystal_walls,
          dk_vineyard_1, uniq_pikel, uniq_eustachio, uniq_crazy_yiuf_cottage
D:6:      minmay_diamond_boxcup, layout_basic, minitemple, uniq_duvessa
D:7:      layout_cave_pools, enter_ossuary_1
D:8:      layout_basic, uniq_harold, uniq_maurice

Skill      XL: |  1  2  3  4  5  6  7  8  9 10 |
---------------+-------------------------------+-----
Invocations    | 1 2 3 4 5 |  5.7
Long Blades    | 1 2 3 4 5 |  5.2
Axes           | 1 2 3 4 5 |  5.2
Maces & Flails | 1 2 3 4 5 |  5.2
Polearms       | 1 2 3 4 5 |  5.2
Staves         | 1 2 3 4 5 |  5.2
Slings         | 1 2 3 4 5 |  5.2
Bows           | 1 2 3 4 5 |  5.2
Crossbows      | 1 2 3 4 5 |  5.2
Throwing       | 1 2 3 4 5 |  5.2
Dodging        | 1 2 3 4 5 |  5.2
Stealth        | 1 2 3 4 5 |  5.2
Unarmed Combat | 1 2 3 4 5 |  5.2
Spellcasting   | 1 2 3 4 5 |  5.2
Evocations     | 1 2 3 4 5 |  5.2
Conjurations   | 1 2 3 4 |  4.3
Hexes          | 1 2 3 4 |  4.3
Summonings     | 1 2 3 4 |  4.3
Necromancy     | 1 2 3 4 |  4.3
Translocations | 1 2 3 4 |  4.3
Transmutations | 1 2 3 4 |  4.3
Fire Magic     | 1 2 3 4 |  4.3
Ice Magic      | 1 2 3 4 |  4.3
Air Magic      | 1 2 3 4 |  4.3
Earth Magic    | 1 2 3 4 |  4.3
Poison Magic   | 1 2 3 4 |  4.3
Short Blades   | 5 6 7 |  7.0
Fighting       | 7 8 |  8.5
Armour         | 7 8 |  8.5
Shields        | 7 8 |  8.5

Action                   |  1- 3 |  4- 6 |  7- 9 | 10-12 || total
-------------------------+-------+-------+-------+-------++-------
Melee: Rapier            |   129 |    83 |       |    18 ||   230
       Bite              |    14 |     9 |    29 |    17 ||    69
       Falchion          |       |    14 |   257 |    86 ||   357
Throw: Dart              |       |     2 |    16 |       ||    18
Evoke: Wand              |       |       |     1 |     1 ||     2
  Use: Scroll            |       |       |    14 |     2 ||    16
Armor: Scale mail        |    38 |    29 |    57 |       ||   124
       Acid dragon scale |       |       |    16 |    25 ||    41
Dodge: Dodged            |    24 |    18 |   107 |    27 ||   176
Block: Kite shield       |    53 |    63 |   196 |    72 ||   384
       Rpst.: Falchion   |       |     4 |    26 |    11 ||    41
